TOP OF THE 1ST |
Oakland (APP) Athletics batting - Pitching for Texas (APP) Rangers : RHP Davion Jones
|
Pitching: RHP Davion Jones
|
|
Batting: LHB Mark Friedmann
|
0-0: Reached on error, E4 (Groundball, 4S, EV 88.8 MPH)
|
Batting: RHB Branden Mackie
|
0-0: Called Strike 0-1: Fly out, F8 (Flyball, 8LD, EV 85.6 MPH) Runner from 2nd tags up, SAFE at 3rd with throw by CF
|
Batting: RHB Matt Black
|
0-0: Ball 1-0: Foul Ball, location: 2F 1-1: Swinging Strike 1-2: Foul Ball, location: 2F 1-2: Strikes out swinging
|
Batting: LHB Augustin Cormier
|
0-0: Swinging Strike 0-1: SINGLE (Groundball, 15S, EV 71.9 MPH) (infield hit) Mark Friedmann scores
|
Batting: RHB Tetsuya Shinoda
|
0-0: Ball 1-0: SINGLE (Groundball, 34D, EV 103.1 MPH) Augustin Cormier to second Runner from 2nd tries for 3rd, SAFE, throw by RF made at trailing runner, OUT! 9-6
|
Top of the 1st over - 1 run, 2 hits, 1 error, 1 left on base; Oakland (APP) 1 - Texas (APP) 0 |
BOTTOM OF THE 1ST |
Texas (APP) Rangers batting - Pitching for Oakland (APP) Athletics : LHP David Rodriguez
|
Pitching: LHP David Rodriguez
|
|
Batting: RHB Jay De Angelis
|
0-0: Ball 1-0: Foul Ball, location: 2F 1-1: Called Strike 1-2: Ball 2-2: Ball 3-2: Base on Balls
|
Batting: RHB David Redman
|
0-0: Called Strike 0-1: Ball 1-1: Ball 2-1: Foul Ball, location: 2F 2-2: SINGLE (Groundball, 6MD, EV 108.1 MPH) Jay De Angelis to second
|
Batting: RHB Robby Adair
|
0-0: Ball 1-0: Foul Ball, location: 2F 1-1: Ball Jay De Angelis steals 3rd base 2-1: Ball 3-1: Base on Balls David Redman to second
|
Batting: RHB Ryan Pastore
|
0-0: Swinging Strike 0-1: Foul Ball, location: 2F 0-2: Ball 1-2: Ball 2-2: Ball 3-2: Foul Ball, location: 2F 3-2: Base on Balls Jay De Angelis scores David Redman to third Robby Adair to second
|
Batting: LHB Tomoya Hashimoto
|
0-0: SINGLE (Groundball, 6M, EV 103.8 MPH) (infield hit) David Redman scores Robby Adair to third Ryan Pastore to second
|
Batting: LHB Walter Vegter
|
0-0: Ball 1-0: Swinging Strike 1-1: Swinging Strike 1-2: Foul Ball, location: 2F 1-2: Foul Ball, location: 2F 1-2: Fly out, F8 (Flyball, 8LS, EV 86.2 MPH) Runner from 3rd tags up, SCORES, throw by CF
|
Batting: RHB Rafael Tapia
|
0-0: Ball 1-0: Ball 2-0: Fly out, F8 (Line Drive, 8RM, EV 92.5 MPH)
|
Batting: SHB Mark Paquin
|
0-0: Fielders Choice at 2nd, 6-4 (Groundball, 6, EV 110.6 MPH)
|
Bottom of the 1st over - 3 runs, 2 hits, 0 errors, 2 left on base; Oakland (APP) 1 - Texas (APP) 3 |
TOP OF THE 2ND |
Oakland (APP) Athletics batting - Pitching for Texas (APP) Rangers : RHP Davion Jones
|
Batting: RHB Walt Alaniz
|
0-0: Ball 1-0: Ball 2-0: Foul Ball, location: 2F 2-1: Foul Ball, location: 2F 2-2: Ball 3-2: Ground out 4-3 (Groundball, 4, EV 85.0 MPH)
|
Batting: RHB Jon Coleman
|
0-0: SINGLE (Groundball, 56D, EV 104.4 MPH)
|
Batting: LHB Gregg Power
|
0-0: Swinging Strike 0-1: Ball 1-1: SINGLE (Groundball, 4D, EV 102.5 MPH) Jon Coleman to second
|
Batting: RHB Tim Anderson
|
0-0: Foul Ball, location: 2F 0-1: Fly out, F7 (Line Drive, 7D, EV 91.9 MPH)
|
Batting: LHB Mark Friedmann
|
0-0: Foul Ball, location: 2F 0-1: Ball 1-1: Ball 2-1: Foul Ball, location: 2F 2-2: Foul Ball, location: 2F 2-2: Ball 3-2: Strikes out swinging
|
Top of the 2nd over - 0 runs, 2 hits, 0 errors, 2 left on base; Oakland (APP) 1 - Texas (APP) 3 |
BOTTOM OF THE 2ND |
Texas (APP) Rangers batting - Pitching for Oakland (APP) Athletics : LHP David Rodriguez
|
Batting: SHB Albert Ortiz
|
0-0: Called Strike 0-1: Ball 1-1: Called Strike 1-2: Ball 2-2: Ball 3-2: Base on Balls
|
Batting: RHB Jay De Angelis
|
0-0: Called Strike 0-1: Ball 1-1: Ball 2-1: Foul Ball, location: 2F 2-2: Strikes out looking
|
Batting: RHB David Redman
|
0-0: Called Strike 0-1: Ball 1-1: Called Strike 1-2: Ball 2-2: Fly out, F4 (Flyball, 4D, EV 83.1 MPH)
|
Batting: RHB Robby Adair
|
0-0: Ball 1-0: Ball 2-0: Ball 3-0: Called Strike 3-1: Called Strike 3-2: SINGLE (Line Drive, 9S, EV 96.2 MPH) Albert Ortiz to second Albert Ortiz to third
|
Batting: RHB Ryan Pastore
|
0-0: Called Strike 0-1: Ball 1-1: Ball 2-1: Ground out 6-3 (Groundball, P, EV 88.8 MPH)
|
Bottom of the 2nd over - 0 runs, 1 hit, 0 errors, 2 left on base; Oakland (APP) 1 - Texas (APP) 3 |
TOP OF THE 3RD |
Oakland (APP) Athletics batting - Pitching for Texas (APP) Rangers : RHP Davion Jones
|
Batting: RHB Branden Mackie
|
0-0: Ball 1-0: Called Strike 1-1: Ball 2-1: Foul Ball, location: 2F 2-2: Foul Ball, location: 2F 2-2: Ground out 3-1 (Groundball, 34S, EV 81.9 MPH)
|
Batting: RHB Matt Black
|
0-0: Foul Ball, location: 2F 0-1: Ground out 6-3 (Groundball, 6, EV 91.2 MPH)
|
Batting: LHB Augustin Cormier
|
0-0: Ball 1-0: Called Strike 1-1: Swinging Strike 1-2: Foul Ball, location: 2F 1-2: Ball 2-2: Strikes out swinging
|
Top of the 3rd over - 0 runs, 0 hits, 0 errors, 0 left on base; Oakland (APP) 1 - Texas (APP) 3 |
BOTTOM OF THE 3RD |
Texas (APP) Rangers batting - Pitching for Oakland (APP) Athletics : LHP David Rodriguez
|
Batting: LHB Tomoya Hashimoto
|
0-0: Called Strike 0-1: Fly out, F8 (Flyball, 8LM, EV 76.2 MPH)
|
Batting: LHB Walter Vegter
|
0-0: Ball 1-0: Foul Ball, location: 2F 1-1: Foul Ball, location: 2F 1-2: Foul Ball, location: 2F 1-2: Ball 2-2: Fly out, F7 (Flyball, 7S, EV 86.9 MPH)
|
Batting: RHB Rafael Tapia
|
0-0: Ground out 4-3 (Groundball, 4M, EV 82.5 MPH)
|
Bottom of the 3rd over - 0 runs, 0 hits, 0 errors, 0 left on base; Oakland (APP) 1 - Texas (APP) 3 |
TOP OF THE 4TH |
Oakland (APP) Athletics batting - Pitching for Texas (APP) Rangers : RHP Davion Jones
|
Batting: RHB Tetsuya Shinoda
|
0-0: Called Strike 0-1: DOUBLE (Groundball, 5L, EV 105.6 MPH)
|
Batting: RHB Walt Alaniz
|
0-0: Ball 1-0: Ground out 6-3 (Groundball, 6, EV 77.5 MPH)
|
Batting: RHB Jon Coleman
|
0-0: Ball 1-0: Called Strike 1-1: Called Strike 1-2: Ball 2-2: Ball 3-2: Strikes out swinging
|
Batting: LHB Gregg Power
|
0-0: Ball 1-0: Called Strike 1-1: Ball 2-1: Foul Ball, location: 2F 2-2: Foul Ball, location: 2F 2-2: Strikes out swinging
|
Top of the 4th over - 0 runs, 1 hit, 0 errors, 1 left on base; Oakland (APP) 1 - Texas (APP) 3 |
BOTTOM OF THE 4TH |
Texas (APP) Rangers batting - Pitching for Oakland (APP) Athletics : LHP David Rodriguez
|
Batting: SHB Mark Paquin
|
0-0: Called Strike 0-1: Swinging Strike 0-2: Strikes out looking
|
Batting: SHB Albert Ortiz
|
0-0: Ball 1-0: Ball 2-0: Ball 3-0: Base on Balls
|
Batting: RHB Jay De Angelis
|
0-0: Ball 1-0: Ball 2-0: Swinging Strike 2-1: Fielders Choice at 2nd, 6-4 (Groundball, 6, EV 84.4 MPH)
|
Batting: RHB David Redman
|
0-0: Called Strike Jay De Angelis steals 2nd base 0-1: Ball 1-1: Ball 2-1: Ball 3-1: Base on Balls
|
Batting: RHB Robby Adair
|
0-0: Ball 1-0: Ball 2-0: Called Strike 2-1: SINGLE (Line Drive, 9S, EV 95.0 MPH) Jay De Angelis to third David Redman to second Runner from 3rd tries for Home, SAFE, throw by RF to home
|
Batting: RHB Ryan Pastore
|
0-0: Called Strike 0-1: Foul Ball, location: 2F 0-2: Ball 1-2: Ball 2-2: Ground out 4-3 (Groundball, 4, EV 83.8 MPH)
|
Bottom of the 4th over - 1 run, 1 hit, 0 errors, 2 left on base; Oakland (APP) 1 - Texas (APP) 4 |
TOP OF THE 5TH |
Oakland (APP) Athletics batting - Pitching for Texas (APP) Rangers : RHP Davion Jones
|
Batting: RHB Tim Anderson
|
0-0: Swinging Strike 0-1: Ground out 4-3 (Groundball, 4S, EV 87.5 MPH)
|
Batting: LHB Mark Friedmann
|
0-0: Ground out 4-3 (Groundball, 4S, EV 61.2 MPH)
|
Batting: RHB Branden Mackie
|
0-0: Foul Ball, location: 2F 0-1: Foul Ball, location: 2F 0-2: SINGLE (Groundball, 6MD, EV 106.2 MPH)
|
Batting: RHB Matt Black
|
0-0: Called Strike 0-1: Foul Ball, location: 2F 0-2: Ball Branden Mackie steals 2nd base 1-2: Ball 2-2: Ball 3-2: Strikes out swinging
|
Top of the 5th over - 0 runs, 1 hit, 0 errors, 1 left on base; Oakland (APP) 1 - Texas (APP) 4 |
BOTTOM OF THE 5TH |
Texas (APP) Rangers batting - Pitching for Oakland (APP) Athletics : LHP David Rodriguez
|
Batting: LHB Tomoya Hashimoto
|
0-0: Ball 1-0: Ball 2-0: Ball 3-0: Base on Balls
|
Batting: LHB Walter Vegter
|
0-0: Ball 1-0: Swinging Strike 1-1: Fly out, F7 (Flyball, 7LS, EV 84.4 MPH)
|
Pitching: RHP Nick Cunningham
|
|
Batting: RHB Rafael Tapia
|
0-0: Ball 1-0: Called Strike 1-1: Fly out, F5 (Line Drive, 5, EV 64.4 MPH)
|
Batting: SHB Mark Paquin
|
0-0: Ball 1-0: Ground out 4-3 (Groundball, 34, EV 89.4 MPH)
|
Bottom of the 5th over - 0 runs, 0 hits, 0 errors, 1 left on base; Oakland (APP) 1 - Texas (APP) 4 |
TOP OF THE 6TH |
Oakland (APP) Athletics batting - Pitching for Texas (APP) Rangers : RHP Davion Jones
|
Batting: LHB Augustin Cormier
|
0-0: Called Strike 0-1: Foul Ball, location: 2F 0-2: Ball 1-2: Fly out, F8 (Flyball, 8RS, EV 95.0 MPH)
|
Batting: RHB Tetsuya Shinoda
|
0-0: Ball 1-0: Called Strike 1-1: Called Strike 1-2: Ball 2-2: Foul Ball, location: 2F 2-2: Strikes out swinging
|
Batting: RHB Walt Alaniz
|
0-0: Ground out 5-3 (Groundball, 5L, EV 84.4 MPH)
|
Top of the 6th over - 0 runs, 0 hits, 0 errors, 0 left on base; Oakland (APP) 1 - Texas (APP) 4 |
BOTTOM OF THE 6TH |
Texas (APP) Rangers batting - Pitching for Oakland (APP) Athletics : RHP Nick Cunningham
|
Batting: SHB Albert Ortiz
|
0-0: Called Strike 0-1: Ball 1-1: Foul Ball, location: 2F 1-2: Foul Ball, location: 2F 1-2: Strikes out swinging
|
Batting: RHB Jay De Angelis
|
0-0: TRIPLE (Line Drive, 89XD, EV 104.4 MPH)
|
Batting: RHB David Redman
|
0-0: Ball 1-0: DOUBLE (Flyball, 78D, EV 101.9 MPH) Jay De Angelis scores
|
Batting: RHB Robby Adair
|
0-0: Called Strike 0-1: SINGLE (Line Drive, 8RS, EV 86.9 MPH) David Redman to third
|
Batting: RHB Ryan Pastore
|
0-0: Ball 1-0: Ball 2-0: Ball 3-0: Foul Ball, location: 2F 3-1: Fly out, F8 (Flyball, 8RM, EV 88.1 MPH) Runner from 3rd tags up, SCORES, throw by CF
|
Batting: LHB Tomoya Hashimoto
|
0-0: Fly out, F5 (Line Drive, 5, EV 62.5 MPH)
|
Bottom of the 6th over - 2 runs, 3 hits, 0 errors, 1 left on base; Oakland (APP) 1 - Texas (APP) 6 |
TOP OF THE 7TH |
Oakland (APP) Athletics batting - Pitching for Texas (APP) Rangers : RHP Davion Jones
|
Now in RF: Matt Silva
|
|
Batting: RHB Jon Coleman
|
0-0: Fly out, F8 (Flyball, 8LM, EV 95.0 MPH)
|
Batting: LHB Gregg Power
|
0-0: Ball 1-0: Foul Ball, location: 2F 1-1: Called Strike 1-2: Strikes out looking
|
Batting: RHB Tim Anderson
|
0-0: Foul Ball, location: 2F 0-1: Ball 1-1: Ball 2-1: Ball 3-1: Foul Ball, location: 2F 3-2: Strikes out swinging
|
Top of the 7th over - 0 runs, 0 hits, 0 errors, 0 left on base; Oakland (APP) 1 - Texas (APP) 6 |
BOTTOM OF THE 7TH |
Texas (APP) Rangers batting - Pitching for Oakland (APP) Athletics : RHP Nick Cunningham
|
Batting: LHB Walter Vegter
|
0-0: Ball 1-0: SINGLE (Groundball, 6D, EV 106.9 MPH)
|
Batting: RHB Rafael Tapia
|
0-0: Ball 1-0: Ball 2-0: Ball 3-0: Called Strike 3-1: Called Strike 3-2: Fly out, F9 (Line Drive, 9, EV 100.0 MPH)
|
Batting: SHB Mark Paquin
|
0-0: Called Strike Walter Vegter steals 2nd base (no throw) 0-1: Ball 1-1: Ground out 4-3 (Groundball, 34D, EV 85.6 MPH) Walter Vegter to third
|
Batting: SHB Albert Ortiz
|
0-0: Ball 1-0: Called Strike 1-1: Ground out U3 (Groundball, 3, EV 98.8 MPH)
|
Bottom of the 7th over - 0 runs, 1 hit, 0 errors, 1 left on base; Oakland (APP) 1 - Texas (APP) 6 |
TOP OF THE 8TH |
Oakland (APP) Athletics batting - Pitching for Texas (APP) Rangers : RHP Davion Jones
|
Batting: LHB Mark Friedmann
|
0-0: Called Strike 0-1: Swinging Strike 0-2: Ball 1-2: Strikes out swinging
|
Batting: RHB Branden Mackie
|
0-0: Ball 1-0: Called Strike 1-1: Ground out 6-3 (Groundball, 6, EV 83.8 MPH)
|
Batting: RHB Matt Black
|
0-0: Called Strike 0-1: Ball 1-1: Ball 2-1: Ball 3-1: Base on Balls
|
Pitching: RHP Manny Campos
|
|
Batting: LHB Augustin Cormier
|
0-0: Called Strike 0-1: Swinging Strike 0-2: Strikes out looking
|
Top of the 8th over - 0 runs, 0 hits, 0 errors, 1 left on base; Oakland (APP) 1 - Texas (APP) 6 |
BOTTOM OF THE 8TH |
Texas (APP) Rangers batting - Pitching for Oakland (APP) Athletics : RHP Nick Cunningham
|
Batting: RHB Jay De Angelis
|
0-0: Foul Ball, location: 2F 0-1: Swinging Strike 0-2: Strikes out swinging
|
Batting: RHB David Redman
|
0-0: Swinging Strike 0-1: Swinging Strike 0-2: Ball 1-2: Foul Ball, location: 2F 1-2: Foul Ball, location: 2F 1-2: Strikes out swinging
|
Batting: RHB Robby Adair
|
0-0: Called Strike 0-1: SINGLE (Line Drive, 78M, EV 96.9 MPH)
|
Pitching: LHP David Arnold
|
|
Batting: RHB Ryan Pastore
|
0-0: Ball Robby Adair is caught stealing 2nd base 2-4
|
Bottom of the 8th over - 0 runs, 1 hit, 0 errors, 0 left on base; Oakland (APP) 1 - Texas (APP) 6 |
TOP OF THE 9TH |
Oakland (APP) Athletics batting - Pitching for Texas (APP) Rangers : RHP Manny Campos
|
Batting: RHB Tetsuya Shinoda
|
0-0: Swinging Strike 0-1: DOUBLE (Line Drive, 89XD, EV 101.9 MPH)
|
Batting: RHB Walt Alaniz
|
0-0: Ball 1-0: Foul Ball, location: 2F 1-1: Ground out U3 (Groundball, 3, EV 105.0 MPH) Tetsuya Shinoda to third
|
Batting: RHB Jon Coleman
|
0-0: Ball 1-0: Ball 2-0: SINGLE (Groundball, 6MD, EV 99.4 MPH) Tetsuya Shinoda scores
|
Batting: LHB Gregg Power
|
0-0: Called Strike 0-1: Foul Ball, location: 2F 0-2: Strikes out swinging
|
Batting: RHB Tim Anderson
|
0-0: Called Strike 0-1: Fielders Choice at 2nd, 6-4 (Groundball, 6D, EV 85.0 MPH)
|
Top of the 9th over - 1 run, 2 hits, 0 errors, 1 left on base; Oakland (APP) 2 - Texas (APP) 6 |
|